 Dungeon Crawl Stone Soup version 0.32-a0-666-ge8a88695a4 (webtiles) character file.

Game seed: 17418649307950715336

198704 backslashecho the Acrobat (level 18, -6/110 HPs)
             Began as an Octopode Conjurer on Mar 10, 2024.
             Was a High Priest of Vehumet.
             Constricted to death by an anaconda (7 damage)
             ... led by a naga ritualist
             ... on level 4 of the Snake Pit.
             The game lasted 02:21:33 (51988 turns).

backslashecho the Acrobat (Octopode Conjurer)      Turns: 51988, Time: 02:21:34

Health: -6/110     AC: 10    Str:  7    XL:     18   Next: 90%
Magic:  20/34      EV: 19    Int: 27    God:    Vehumet [*****.]
Gold:   2425       SH: 18    Dex: 11    Spells: 12/42 levels left

rFire   + + .        t - staff of air
rCold   + + .        j - +2 kite shield {rC+ rF+}
rNeg    + . .        q - +1 hat "Puhu Xoi" {^Contam rC+ Will+ Regen+}
rPois   +            Y - amulet of reflection
rElec   +            h - ring of poison resistance
rCorr   .            C - +5 ring of evasion
SInv    .            u - +4 ring of protection
Will    +++..        w - +4 ring of protection
Stlth   +++          B - ring of protection from fire
HPRegen 1.18/turn    K - ring of willpower
MPRegen 0.24/turn    H - ring of positive energy
                     I - +5 ring of evasion

%: reflection
@: lethally poisoned (-6 -> -7), constricted
A: almost no armour, amphibious, 8 rings, camouflage 1, gelatinous body 1,
(nimble swimmer 1), tentacles
a: Renounce Religion


You were on level 4 of the Snake Pit.
You worshipped Vehumet.
Vehumet was extremely pleased with you.
You visited 4 branches of the dungeon, and saw 26 of its levels.
You also visited: Bailey.

You collected 2828 gold pieces.
You spent 403 gold pieces at shops.

Inventory:

Hand Weapons
 A - the +6 war axe "Guuluewe" {freeze, rN+ Str+3}
   (You took it off a gnoll on level 6 of the Dungeon)

   Str+3:     It affects your strength (+3).
   rN+:       It protects you from negative energy.
 G - the +6 dagger "Suis Haolu" {flame, +Blink}
   (You bought it in a shop on level 7 of the Dungeon)

   +Blink:    It lets you blink.
Missiles
 b - 36 poisoned darts
 M - 2 throwing nets
Armour
 j - a +2 kite shield of resistance (worn)
 q - the +1 hat "Puhu Xoi" (worn) {^Contam rC+ Will+ Regen+}
   (You acquired it on level 14 of the Dungeon)

   rC+:       It protects you from cold.
   Will+:     It increases your willpower.
   ^Contam:   It causes magical contamination when unequipped.
   Regen+:    It increases your rate of health regeneration.
Magical Staves
 t - a staff of air (weapon)
Jewellery
 h - a ring of poison resistance (left tentacle)
 p - a ring of wizardry
 u - a +4 ring of protection (on tentacle)
 w - a +4 ring of protection (on tentacle)
 B - a ring of protection from fire (on tentacle)
 C - a +5 ring of evasion (right tentacle)
 H - a ring of positive energy (on tentacle)
 I - a +5 ring of evasion (on tentacle)
 K - a ring of willpower (on tentacle)
 Y - an amulet of reflection (around mantle)
Wands
 y - a wand of flame (11)
 L - a wand of paralysis (8)
 U - a wand of polymorph (4)
Scrolls
 c - 6 scrolls of fear
 i - 2 scrolls of noise
 k - 3 scrolls of enchant armour
 l - 4 scrolls of revelation
 n - 12 scrolls of teleportation
 s - 3 scrolls of blinking
 x - 3 scrolls of poison
 J - 5 scrolls of identify
 N - 4 scrolls of immolation
 Q - 4 scrolls of fog
 R - 2 scrolls of vulnerability
 V - a scroll of silence
Potions
 a - 3 potions of might
 d - 7 potions of haste
 e - a potion of brilliance
 g - 2 potions of enlightenment {unknown}
 m - 2 potions of lignification
 o - a potion of magic
 r - a potion of ambrosia {unknown}
 v - a potion of curing
 z - 5 potions of heal wounds
 D - 2 potions of mutation
 F - 7 potions of resistance
 O - a potion of invisibility {unknown}
 P - a potion of cancellation {unknown}
Miscellaneous
 f - a box of beasts (inert)


   Skills:
 + Level 6.0 Fighting
 - Level 4.0 Staves
 - Level 21.1 Dodging
 - Level 2.6 Stealth
 - Level 12.0 Shields
 + Level 12.6 Spellcasting
 - Level 8.0 Conjurations
 - Level 3.0 Translocations
 - Level 7.0 Fire Magic
 + Level 8.4 Air Magic
 - Level 7.0 Earth Magic
 - Level 6.0 Alchemy
 * Level 3.9 Evocations


You had 12 spell levels left.
You knew the following spells:

 Your Spells              Type           Power      Damage    Failure   Level
a - Stone Arrow           Conj/Erth      100%       3d13      1%          3
b - Blink                 Tloc           66%        N/A       4%          2
c - Searing Ray           Conj           100%       2d8       1%          2
d - Fireball              Conj/Fire      27%        3d12      4%          5
e - Mephitic Cloud        Conj/Alch/Air  72%        N/A       1%          3
f - Iskenderun's Mystic   Conj/Tloc      46%        2d10      3%          4
h - Shock                 Conj/Air       100%       1d9       1%          1
j - Magic Dart            Conj           100%       1d8       1%          1
r - Flame Wave            Conj/Fire      55%        2d13      1%          4
x - Irradiate             Conj/Alch      26%        3d20      4%          5

Your spell library contained the following spells:

 Spells                   Type           Power      Damage    Failure   Level
 Kiss of Death            Conj/Necr      100%       2d13      1%          1
 Momentum Strike          Conj/Tloc      92%        3d10      1%          2
 Scorch                   Fire           100%       2d9       1%          2
 Dazzling Flash           Conj/Hex       76%        N/A       1%          3
 Hailstorm                Conj/Ice       38%        3d9       1%          3
 Fulminant Prism          Conj/Alch      26%        3d14      1%          4
 Cigotuvi's Dreadful Rot  Necr/Alch/Air  100%       N/A       2%          2
 Freeze                   Ice            68%        1d8       3%          1
 Arcjolt                  Conj/Air       37%        1d47      3%          5
 Lesser Beckoning         Tloc           66%        N/A       4%          2
 Leda's Liquefaction      Alch/Erth      25%        N/A       8%          4
 Petrify                  Alch/Erth      51%        N/A       8%          4
 Frozen Ramparts          Ice            34%        1d6       9%          3
 Necrotise                Necr           68%        1d7       11%         1
 Confusing Touch          Hex            17%        N/A       32%         3
 Fugue of the Fallen      Necr           17%        N/A       32%         3
 Ozocubu's Armour         Ice            17%        N/A       32%         3
 Vampiric Draining        Necr           17%        2d7       32%         3
 Manifold Assault         Tloc           33%        N/A       32%         4
 Eringya's Noxious Bog    Alch           24%        4d6       34%         6
 Silence                  Hex/Air        28%        N/A       47%         5
 Dispel Undead            Necr           17%        3d10      73%         4
 Martyr's Knell           Necr/Summ      17%        N/A       73%         4
 Summon Forest            Summ/Tloc      12%        N/A       86%         5
 Curse of Agony           Necr           17%        N/A       97%         5
 Metabolic Englaciation   Hex/Ice        8%         N/A       97%         5
 Dispersal                Tloc           16%        N/A       99%         6
 Death Channel            Necr           8%         N/A       100%        6
 Summon Cactus Giant      Summ           8%         N/A       100%        6
 Summon Hydra             Summ           8%         N/A       100%        7
 Disjunction              Tloc           16%        N/A       100%        8


Dungeon Overview and Level Annotations

Branches:
Dungeon (15/15)            Temple (0/1) D:5            Lair (5/5) D:10
  Swamp (0/4) Lair:3        Snake (4/4) Lair:3          Orc (2/2) D:12
    Elf (0/3) Orc:2        Vaults (0/5) D:13         Depths (0/4) D:15
 Bailey (visited)
  Slime: Lair:4-5

Altars:
Cheibriados
Elyvilon
Fedhas
Hepliaklqana
Qazlal
Uskayaw
Vehumet
Xom
Zin
The Shining One
Beogh

Shops:
D:7 (   D:11 (   Orc:2 ([?[

Portals:
Trove: D:15 (show slimy rune of Zot)

Annotations:
D:5 1 runed translucent door, exclusion: door, Khashishi's ghost, novice CoHu
D:6 2 transporters, croobank's ghost, novice DsDe
D:7 1 runed translucent door, 1 exclusion, Crazy Yiuf
Lair:4 exclusion: 2 oklob plants
Lair:5 2 runed translucent doors
Orc:1 3 runed translucent doors, exclusions: 3 doors and 5 downstairs, jejorda2's ghost, journeyman CoBe


Innate Abilities, Weirdness & Mutations

You cannot wear most types of armour.
You are amphibious.
You can wear up to eight rings at the same time.
Your skin changes colour to match your surroundings (Stealth+).
Your rubbery body absorbs attacks. (AC +1, EV +1)
((You are camouflaged when in or above water. (Stealth+)))
You have tentacles for arms and can constrict up to eight enemies at once.


Message History

The anaconda misses you. The anaconda constricts you.
The mana viper closely misses you.
You take 4 damage, and have 94/110 hp.
You now have 14/34 mp.
A wave of flame ripples out!
The flame wave engulfs the mana viper!
You kill the mana viper!
Vehumet accepts your kill.
You feel your power returning.
The flame wave engulfs the anaconda!
The anaconda is severely wounded.
The flame wave engulfs the black mamba.
The black mamba is almost dead.
The anaconda barely misses you. The anaconda constricts you.
The anaconda bites you but does no damage.
The anaconda constricts you.
The naga ritualist prays to its god.
The naga ritualist begins to radiate toxic energy.
You are poisoned.
Your Fighting skill increases to level 6!
You take 11 damage, and have 83/110 hp.
You regained 2 mp, and now have 16/34 mp.
A wave of flame ripples out!
The flame wave engulfs the black mamba!
You kill the black mamba!
Vehumet accepts your kill.
You feel your power returning.
The flame wave engulfs the anaconda.
The anaconda is severely wounded.
You feel sick.
You are more poisoned.
The anaconda bites you! The anaconda constricts you.
The anaconda bites you but does no damage.
The anaconda constricts you.
You take 22 damage, and have 61/110 hp.
You regained 2 mp, and now have 18/34 mp.
A wave of flame ripples out!
The flame wave engulfs the anaconda!
The anaconda is almost dead.
You finish channelling waves of flame.
You feel sick. The anaconda completely misses you. The anaconda constricts you.
A naga comes into view. It is wielding a +0 halberd.
A naga mage comes into view. It is wielding a +0 spear.
The anaconda barely misses you. The anaconda constricts you.
You take 10 damage, and have 51/110 hp.
You now have 17/34 mp.
The anaconda's grasp on you weakens, but your attempt to escape fails.
You feel sick. The anaconda misses you. The anaconda constricts you.
You take 4 damage, and have 47/110 hp.
You escape the anaconda's grasp.
You feel sick.
You are no longer poisoned.
You block the anaconda's attack.
You are poisoned.
You block the anaconda's attack. The anaconda closely misses you.
You feel sick.
You are more poisoned.
The naga ritualist's toxic aura wanes.
The naga ritualist prays to its god.
The naga ritualist begins to radiate toxic energy.
You are more poisoned.
The anaconda misses you.
The anaconda bites you but does no damage.
You take 1 damage, and have 47/110 hp.
You feel sick.
You are more poisoned.
You take 2 damage, and have 45/110 hp.
You feel sick.
You are more poisoned.
You block the anaconda's attack. x2
You take 1 damage, and have 44/110 hp.
You feel sick.
You are more poisoned.
The anaconda attacks as it pursues you! You block the anaconda's attack.
The anaconda barely misses you. You block the anaconda's attack. x2
You take 3 damage, and have 41/110 hp.
You feel sick.
You are more poisoned.
The anaconda attacks as it pursues you! The anaconda misses you.
You block the anaconda's attack. x3
You take 1 damage, and have 40/110 hp.
You feel sick.
You are more poisoned.
The anaconda attacks as it pursues you! The anaconda completely misses you.
The anaconda bites you!
* * * LOW HITPOINT WARNING * * *
The anaconda grabs you. You block the anaconda's attack.
The anaconda constricts you.
* * * LOW HITPOINT WARNING * * *
You take 15 damage, and have 25/110 hp.
You escape the anaconda's grasp.
You feel sick.
You are more poisoned.
The naga ritualist's toxic aura wanes.
You take 1 damage, and have 24/110 hp.
You feel sick.
You take 1 damage, and have 23/110 hp.
You feel sick. The anaconda grabs you. The anaconda bites you.
* * * LOW HITPOINT WARNING * * *
The anaconda constricts you.
* * * LOW HITPOINT WARNING * * *
You take 8 damage, and have 15/110 hp.
The anaconda's grasp on you weakens, but your attempt to escape fails.
You feel sick. The anaconda bites you!
* * * LOW HITPOINT WARNING * * *
The anaconda constricts you.
* * * LOW HITPOINT WARNING * * *
You block the anaconda's attack. The anaconda constricts you!
You die...

N.).. ##.......##))###.#
..... #.........#.## #.##
......###..........[# ##.###
#...^........# ##...#.#
#......[.....# #..##.##
#.........[..####.#....#
.....
#.......[......#.....#....
..N..####.......#<[...[...###
..
...........####S@÷...).....#
.
)....#####.................#
..... ##.N.....##..........#
<....##...###..#............#
....#N...##
##..##...........# ........##
...##...........# ....#†###
...##...........# ... #.#
....# #..... .. #.# ##..#


You could see an anaconda and a naga ritualist.

Vanquished Creatures
  Saint Roka (Snake:3)
  Gastronok (D:10)
  Kirke (D:14)
  2 nagarajas
  A frost giant (D:12)
  2 orc warlords
  A stone giant (Orc:1)
  Azrael (D:15)
  Snorg (Orc:1)
  3 ettins (Orc:1)
  Josephine (Lair:5)
  2 rakshasas
  A hydra (Lair:3)
  A salamander tyrant (Snake:3)
  8 vault guards (D:13)
  Erica (D:8)
  8 anacondas
  5 boulder beetles
  2 catoblepae
  2 ogre magi
  6 centaur warriors
  9 two-headed ogres
  Urug (Lair:3)
  5 orc high priests
  4 occultists (D:15)
  4 titan zombies (Orc:1)
  14 naga sharpshooters
  2 tengu warriors (D:14)
  8 shock serpents
  19 naga warriors
  Amaemon (Lair:1)
  A skyshark (Lair:4)
  7 mana vipers
  6 sea snakes
  7 naga ritualists
  A lindwurm (Lair:5)
  10 orc knights
  A necromancer (D:15)
  A wolf spider (D:15)
  6 orc sorcerers
  5 ugly things
  14 salamanders
  6 kobold blastminers
  3 meliai (D:15)
  6 elephants
  23 cyclopes
  Joseph (Lair:1)
  3 molten gargoyles (Lair:5)
  3 guardian serpents
  A centaur zombie (D:15)
  48 black mambas
  An orange demon (Lair:1)
  Jeremiah (D:7)
  7 cane toads
  4 centaur skeletons (D:15)
  A gargoyle (D:11)
  9 naga magi
  3 unseen horrors
  14 komodo dragons
  A rime drake (Lair:3)
  A tengu conjurer (D:15)
  3 trolls
  A troll (shapeshifter) (D:14)
  A merfolk (D:9)
  2 tyrant leeches
  3 hornets
  3 polar bears
  12 blink frogs
  15 slime creatures
  A spriggan (Lair:3)
  11 wraiths
  A shadow (D:11)
  A vampire (D:13)
  7 wyverns
  19 yaks
  2 fire elementals (D:15)
  A hog (D:14)
  7 basilisks
  A human (shapeshifter) (D:14)
  5 steam dragons
  3 vampire mosquitoes (D:14)
  6 wargs
  Grum (Lair:1)
  2 swamp worms (Lair:3)
  38 nagas
  7 hell hounds
  4 acid dragons
  35 orc warriors
  21 water moccasins
  4 black bears
  2 laughing skulls (D:14)
  7 ogres
  39 wolves
  7 centaurs
  2 kobold brigands
  A gnoll sergeant (D:6)
  6 bullfrogs
  4 scorpions
  9 wights (D:7)
  21 killer bees
  5 howler monkeys
  12 electric eels
  4 lava snakes (Lair:5)
  A bombardier beetle (D:4)
  A jelly (D:6)
  2 gnoll boudas
  16 orc priests
  A sleepcap (D:4)
  4 iguanas
  20 orc wizards
  13 adders
  16 gnolls
  2 white imps
  4 ufetubi
  2 dart slugs
  A ribbon worm (D:5)
  77 orcs
  7 endoplasms
  3 giant cockroaches
  4 goblins
  12 hobgoblins
  5 jackals
  17 kobolds
  7 quokkas
  9 ball pythons
  3 bats
  2 frilled lizards
  4 rats
  4 fulminant prisms
886 creatures vanquished.

Vanquished Creatures (collateral kills)
  2 killer bees (D:9)
2 creatures vanquished.

Vanquished Creatures (others)
  Aizul (Snake:3)
  A nagaraja (Snake:1)
  3 humans (D:14)
  A naga (Snake:1)
  A lava snake (Lair:5)
  An orc priest (Orc:2)
  An orc wizard (Orc:2)
  An orc (D:14)
  50 fulminant prisms
60 creatures vanquished.

Grand Total: 948 creatures vanquished

Notes
Turn   | Place    | Note
-------+----------+-------------------------------------------
     0 | D:1      | backslashecho the Octopode Conjurer began the quest for the
                  | Orb.
     0 | D:1      | Reached XP level 1. HP: 11/11 MP: 3/3
   351 | D:1      | Reached XP level 2. HP: 17/17 MP: 0/5
   655 | D:1      | Reached XP level 3. HP: 21/21 MP: 1/6
   769 | D:1      | You fall into a shaft and drop 1 floor!
  1559 | D:2      | Reached XP level 4. HP: 24/27 MP: 4/8
  1855 | D:2      | Reached skill level 3 in Dodging
  1855 | D:2      | Reached skill level 1 in Shields
  2320 | D:3      | Learned a level 2 spell: Searing Ray
  2704 | D:3      | Reached XP level 5. HP: 31/31 MP: 2/9
  2831 | D:3      | Reached skill level 1 in Staves
  3041 | D:3      | Found a radiant altar of Vehumet.
  3178 | D:3      | Became a worshipper of Vehumet
  3592 | D:4      | Reached XP level 6. HP: 36/36 MP: 4/10
  3654 | D:4      | Reached skill level 5 in Conjurations
  3969 | D:4      | Learned a level 4 spell: Fulminant Prism
  4144 | D:4      | Reached XP level 7. HP: 33/41 MP: 6/12
  4148 | D:4      | Reached skill level 1 in Alchemy
  4781 | D:4      | Found a glowing golden altar of the Shining One.
  4937 | D:5      | Entered Level 5 of the Dungeon
  4972 | D:5      | Found a staircase to the Ecumenical Temple.
  5274 | D:5      | Reached * piety under Vehumet
  5274 | D:5      | Offered knowledge of Shock by Vehumet.
  5412 | D:5      | Learned a level 1 spell: Shock
  5416 | D:5      | Learned a level 3 spell: Mephitic Cloud
  5557 | D:5      | Found a runed translucent door.
  5715 | D:5      | Reached skill level 1 in Air Magic
  5770 | D:5      | Reached XP level 8. HP: 36/46 MP: 8/14
  5902 | D:5      | Noticed Khashishi's ghost (novice CoHu)
  6702 | D:6      | Identified the +6 war axe "Guuluewe" {freeze, rN+ Str+3}
  6882 | D:6      | Found a transporter.
  6883 | D:6      | Noticed croobank's ghost (novice DsDe)
  6898 | D:6      | Found a transporter.
  6929 | D:6      | Reached skill level 5 in Spellcasting
  7409 | D:6      | Reached skill level 5 in Alchemy
  7551 | D:6      | Reached skill level 5 in Shields
  7997 | D:7      | Noticed Jeremiah
  8114 | D:7      | Noticed a hornet
  8223 | D:7      | Reached XP level 9. HP: 37/51 MP: 1/16
  8447 | D:7      | Killed Jeremiah
  8614 | D:7      | Killed a hornet
  8947 | D:7      | Offered knowledge of Foxfire by Vehumet.
  8953 | D:7      | Learned a level 4 spell: Iskenderun's Mystic Blast
  9223 | D:7      | Found Ixkyr's Antique Weapon Emporium.
  9226 | D:7      | Bought an ancient dagger for 175 gold pieces
  9226 | D:7      | Identified the +6 dagger "Suis Haolu" {flame, +Blink} (You
                  | bought it in a shop on level 7 of the Dungeon)
  9436 | D:7      | Found a runed translucent door.
  9437 | D:7      | Noticed Crazy Yiuf
  9595 | D:7      | Reached ** piety under Vehumet
  9969 | D:8      | Found a white marble altar of Elyvilon.
 10049 | D:8      | Found a flagged portal.
 10105 | D:8      | Reached XP level 10. HP: 43/56 MP: 2/20
 10344 | Bailey   | Entered a bailey
 10484 | Bailey   | Offered knowledge of Stone Arrow by Vehumet.
 10489 | Bailey   | Learned a level 3 spell: Stone Arrow
 10795 | Bailey   | Reached skill level 1 in Fighting
 10795 | Bailey   | Reached skill level 1 in Earth Magic
 11074 | D:8      | Noticed Erica
 11249 | D:8      | Reached *** piety under Vehumet
 11498 | D:8      | Killed Erica
 11499 | D:8      | Reached skill level 9 in Shields
 11612 | D:8      | Found a hazy altar of Hepliaklqana.
 11918 | D:9      | Noticed a two-headed ogre
 11918 | D:9      | Found a blossoming altar of Fedhas.
 11929 | D:9      | Killed a two-headed ogre
 11930 | D:9      | Reached skill level 1 in Translocations
 12638 | D:9      | Reached XP level 11. HP: 67/67 MP: 19/22
 12801 | D:9      | Found a stormy altar of Qazlal.
 12848 | D:9      | Found a snail-covered altar of Cheibriados.
 12853 | D:9      | Found a glowing silver altar of Zin.
 12946 | D:9      | Offered knowledge of Flame Wave by Vehumet.
 12952 | D:9      | Learned a level 4 spell: Flame Wave
 13183 | D:10     | Entered Level 10 of the Dungeon
 13265 | D:10     | Found a staircase to the Lair.
 13287 | D:10     | Reached skill level 5 in Earth Magic
 13407 | D:10     | Found a shimmering altar of Xom.
 14025 | D:10     | Found a hide-covered altar of Uskayaw.
 15086 | D:11     | Noticed a purple ugly thing
 15087 | D:11     | Noticed a centaur warrior
 15594 | D:11     | Reached skill level 5 in Fighting
 15802 | D:11     | Killed a centaur warrior
 15803 | D:11     | Reached skill level 9 in Spellcasting
 15880 | D:11     | Killed a purple ugly thing
 16081 | D:11     | Found Uvimedyi's Antique Weapon Shoppe.
 16204 | Lair:1   | Entered Level 1 of the Lair of Beasts
 16222 | Lair:1   | Noticed Gastronok
 16294 | Lair:1   | Reached **** piety under Vehumet
 16630 | D:10     | Killed Gastronok
 16631 | D:10     | Reached skill level 4 in Dodging
 16631 | D:10     | Reached XP level 12. HP: 48/77 MP: 10/26
 16758 | D:10     | Reached skill level 5 in Dodging
 16854 | Lair:1   | Noticed Grum
 16866 | Lair:1   | Killed Grum
 16992 | Lair:1   | Noticed Amaemon
 17005 | Lair:1   | Noticed Joseph
 17006 | Lair:1   | Reached skill level 6 in Dodging
 17006 | Lair:1   | Offered knowledge of Freezing Cloud by Vehumet.
 17016 | Lair:1   | Noticed a boulder beetle
 17017 | Lair:1   | Killed Amaemon
 17018 | Lair:1   | Reached skill level 7 in Dodging
 17746 | D:9      | Killed a boulder beetle
 17747 | D:9      | Reached skill level 8 in Dodging
 17983 | Lair:1   | Killed Joseph
 18251 | Lair:1   | You fall into a shaft and drop 1 floor!
 19151 | Lair:2   | Reached skill level 9 in Dodging
 19332 | Lair:2   | Reached skill level 10 in Dodging
 20252 | Lair:3   | Reached XP level 13. HP: 81/81 MP: 16/27
 20261 | Lair:3   | Reached skill level 11 in Dodging
 20861 | Lair:3   | Noticed Urug
 20870 | Lair:3   | Killed Urug
 21030 | Lair:3   | Reached skill level 12 in Dodging
 21126 | Lair:3   | Reached ***** piety under Vehumet
 21126 | Lair:3   | Offered knowledge of Bombard by Vehumet.
 21769 | Lair:3   | Reached skill level 13 in Dodging
 22138 | Lair:3   | Found a staircase to the Swamp.
 22446 | Lair:3   | Found a staircase to the Snake Pit.
 23216 | Lair:4   | Reached skill level 14 in Dodging
 24400 | Lair:5   | Entered Level 5 of the Lair of Beasts
 24788 | Lair:5   | Noticed Josephine
 24874 | Lair:5   | Killed Josephine
 24875 | Lair:5   | Reached skill level 15 in Dodging
 24875 | Lair:5   | Reached XP level 14. HP: 85/88 MP: 14/28
 25715 | Lair:5   | Offered knowledge of Airstrike by Vehumet.
 25915 | Lair:5   | Found a large runed translucent door.
 26008 | Lair:5   | Reached skill level 16 in Dodging
 26113 | Lair:5   | Found a large runed translucent door.
 27005 | D:12     | Found a staircase to the Orcish Mines.
 27392 | D:12     | Noticed a fire giant
 27721 | D:12     | Noticed a frost giant
 28075 | Orc:1    | Entered Level 1 of the Orcish Mines
 28134 | Orc:1    | Noticed Snorg
 28174 | Orc:1    | Killed Snorg
 28387 | Orc:1    | Found a runed translucent gate.
 28388 | Orc:1    | Found a runed translucent gate.
 28389 | Orc:1    | Found a runed translucent gate.
 28390 | Orc:1    | Noticed jejorda2's ghost (journeyman CoBe)
 28801 | Orc:1    | Reached skill level 17 in Dodging
 29951 | Orc:1    | Noticed a stone giant
 30200 | Orc:1    | Reached skill level 18 in Dodging
 30532 | Orc:1    | Killed a stone giant
 30599 | Orc:1    | Reached XP level 15. HP: 92/92 MP: 5/29
 31172 | Orc:1    | Identified the +0 orcbow "Pedieniru" {freeze, Str+2 Dex-2
                  | SInv}
 31340 | Orc:2    | Entered Level 2 of the Orcish Mines
 31540 | Orc:2    | Found a staircase to the Elven Halls.
 31845 | Orc:2    | Noticed an orc warlord
 32251 | D:12     | Killed an orc warlord
 32468 | Orc:2    | Reached skill level 19 in Dodging
 32746 | Orc:1    | Found a roughly hewn altar of Beogh.
 32823 | Orc:2    | Found a roughly hewn altar of Beogh.
 32825 | Orc:2    | Offered knowledge of Plasma Beam by Vehumet.
 33903 | Orc:2    | Found Ompeushri's Armour Shoppe.
 33903 | Orc:2    | Found Deceffy's Weapon Shop.
 33905 | Orc:2    | Found Xigaic's Magic Scroll Shoppe.
 33905 | Orc:2    | Found Ranegutt's Antique Armour Shop.
 33920 | Orc:2    | Bought a scroll of teleportation for 36 gold pieces
 33920 | Orc:2    | Bought a scroll of identify for 24 gold pieces
 33920 | Orc:2    | Bought a scroll of amnesia for 48 gold pieces
 33920 | Orc:2    | Bought a scroll of identify for 24 gold pieces
 33920 | Orc:2    | Bought a scroll of identify for 24 gold pieces
 33920 | Orc:2    | Bought a scroll of identify for 24 gold pieces
 33920 | Orc:2    | Bought a scroll of fog for 48 gold pieces
 33933 | Orc:2    | Identified a scroll of acquirement
 34424 | D:12     | Killed a frost giant
 35004 | D:13     | Reached skill level 20 in Dodging
 35206 | D:13     | Identified the orb of Kathenotheism {light, *Slow rF+ Will+
                  | Necro}
 35340 | D:13     | Found a gate to the Vaults.
 35363 | D:13     | HP: 2/92 [vault guard/+2 bardiche (25)]
 36811 | D:14     | Acquired a +1 hat of willpower
 36813 | D:14     | Acquired the +1 hat "Puhu Xoi" {^Contam rC+ Will+ Regen+}
 36918 | D:14     | Noticed Kirke
 36937 | D:14     | Killed Kirke
 37721 | D:14     | Reached XP level 16. HP: 98/98 MP: 18/30
 37829 | D:14     | Reached skill level 21 in Dodging
 38227 | D:14     | Offered knowledge of Arcjolt by Vehumet.
 38374 | D:14     | Learned a level 5 spell: Arcjolt
 39009 | D:14     | Found a roughly hewn altar of Beogh.
 39023 | D:14     | Reached XP level 17. HP: 103/103 MP: 31/31
 39559 | D:15     | Entered Level 15 of the Dungeon
 40763 | D:15     | Noticed Azrael
 40784 | D:15     | Killed Azrael
 40915 | D:15     | Found a portal to a secret trove of treasure.
 41520 | D:15     | Found a staircase to the Depths.
 41896 | Snake:1  | Entered Level 1 of the Snake Pit
 42119 | Lair:3   | Reached skill level 1 in Fire Magic
 42497 | Lair:3   | Offered knowledge of Irradiate by Vehumet.
 42504 | Lair:3   | Learned a level 5 spell: Irradiate
 43486 | Snake:1  | Learned a level 2 spell: Blink
 44978 | Snake:2  | Reached XP level 18. HP: 108/108 MP: 24/33
 44991 | Snake:2  | Reached skill level 5 in Fire Magic
 47505 | Snake:2  | Offered knowledge of Fireball by Vehumet.
 47516 | Snake:2  | Learned a level 5 spell: Fireball
 48090 | Snake:3  | Noticed Saint Roka
 48096 | Snake:3  | Reached skill level 12 in Spellcasting
 48141 | Snake:3  | Identified the serpent talisman of Lethargy {+Blink}
 48141 | Snake:3  | Noticed Aizul
 49955 | Snake:3  | Reached skill level 12 in Shields
 50426 | Snake:3  | Killed Saint Roka
 50528 | Snake:3  | Killed Aizul
 50773 | Snake:3  | Reached skill level 1 in Evocations
 51066 | Snake:4  | Entered Level 4 of the Snake Pit
 51988 | Snake:4  | HP: 4/110 [anaconda[a naga ritualist] (12)]
 51988 | Snake:4  | HP: 1/110 [constriction[a naga ritualist] (3)]
 51988 | Snake:4  | Constricted to death by an anaconda

Illustrated notes

Levels and vault maps discovered:
D:1:      roadster_arrival_rocket_small, layout_loops_cross
D:2:      layout_basic
D:3:      layout_rooms, mainiacjoe_overflow_alcove_1,
          minmay_randomly_rotated_circles
D:4:      layout_basic, mainiacjoe_overflow_tiny_flanked, grunt_ministairs_10,
          chequers_serial_rivers_marsh, dreamdust_wishing_well,
          nicolae_half_adder
D:5:      layout_cave_pods, minmay_temple_entry_junction, gammafunk_ghost_grave
D:6:      layout_layer_cave, gammafunk_ghost_stat_death,
          chequers_serial_rivers_marsh
D:7:      layout_rooms, serial_shops, nicolae_shop_tiny_real_fake_doors,
          uniq_crazy_yiuf_cottage, uniq_jeremiah
D:8:      layout_rooms, elyvilon_altar_3, worldfamousw_hep_ancestral_shrine,
          enter_bailey_8, serial_library_regret_index_small_wings, uniq_erica
D:9:      layout_irregular_city, grunt_temple_overflow_forces_of_nature,
          nicolae_overflow_squiral, hangedman_fish_farm
D:10:     layout_basic, mainiacjoe_overflow_catwalk,
          mainiacjoe_overflow_alcove_2, lair_entry_dummy, kennysheep_diamond
D:11:     layout_roguey, serial_co_window_serial, co_window_of_opportunity_a,
          co_window_paths_b, co_window_cross_1, co_window_paths_a,
          co_window_paths_a, co_window_unsneaky_path_a, co_window_broadway_c,
          co_window_corner_cb, co_window_4corner_b, glass_columns_a,
          glass_columns_a, glass_columns_c, serial_shops,
          nicolae_shop_statue_plus
D:12:     minmay_textured_paths, layout_rooms
D:13:     layout_loops_cross, erik_vaults_2
D:14:     layout_stronghold, minmay_crystal_water, lightli_church_of_beogh,
          uniq_kirke
D:15:     grunt_enter_depths_magical_seal, layout_loops_corners, enter_trove_2,
          uniq_azrael
Lair:1:   layout_small_grid, lemuel_fruit_fields, uniq_amaemon, uniq_gastronok,
          uniq_joseph, uniq_grum
Lair:2:   layout_roguey
Lair:3:   layout_regular_city, palyth_hydra_swamp_entry,
          minmay_snake_entry_guardpost_medium, grunt_forest_stairs_clearing,
          uniq_urug
Lair:4:   layout_regular_city, minmay_slime_entry_oklob_enclosed,
          chequers_serial_rivers_micro_a, lemuel_fruit_fields,
          grunt_megastairs_1, infiniplex_staircase_pool, lemuel_fruit_tree
Lair:5:   cheibrodos_lair_end_hotspot, layout_regular_city,
          grunt_forest_small_clearings, uniq_josephine
Snake:1:  layout_basic
Snake:2:  layout_chambers
Snake:3:  layout_gridlike, uniq_aizul, uniq_saint_roka
Snake:4:  grunt_snake_rune_pools, layout_chambers, serial_shops, shop,
          serial_bayou_pond_d
Orc:1:    giant_chief_lemuel, layout_diamond_mine, basic_altar,
          gammafunk_ghost_split, uniq_snorg
Orc:2:    grunt_orc_tribal_feast, layout_diamond_mine, kennysheep_orc_chapel

Skill      XL: |  1  2  3  4  5  6  7  8  9 10 11 12 13 14 15 16 17 18 |
---------------+-------------------------------------------------------+-----
Dodging        | 3 4 10 15 18 20 21 | 21.1
Shields        | 1 2 3 5 7 9 11 12 | 12.0
Spellcasting   | 3 4 5 7 10 11 12 | 12.6
Staves         | 2 3 4 |  4.0
Conjurations   | 5 7 8 |  8.0
Alchemy        | 2 5 6 |  6.0
Air Magic      | 1 6 8 |  8.4
Fighting       | 3 5 6 |  6.0
Earth Magic    | 4 7 |  7.0
Translocations | 2 3 |  3.0
Fire Magic     | 4 7 |  7.0
Evocations     | 3 |  3.9
Stealth        | |  2.6

Action                     |  1- 3 |  4- 6 |  7- 9 | 10-12 | 13-15 | 16-18 || total
---------------------------+-------+-------+-------+-------+-------+-------++-------
  Melee: Unarmed           |    14 |       |       |       |       |       ||    14
         Constrict         |     7 |       |     8 |    15 |    13 |    15 ||    58
         Tentacles         |     2 |       |     6 |    15 |    23 |    23 ||    69
         Short sword       |     4 |       |       |       |       |       ||     4
         Staff             |       |       |    20 |    53 |    99 |    83 ||   255
         War axe           |       |       |       |       |       |     9 ||     9
  Throw: Dart              |       |       |       |     1 |       |       ||     1
   Cast: Magic Dart        |    67 |    95 |   161 |   142 |    27 |       ||   492
         Searing Ray       |       |    15 |    24 |    35 |    11 |     3 ||    88
         Shock             |       |       |    26 |     4 |       |       ||    30
         Fulminant Prism   |       |       |    17 |    26 |    10 |     1 ||    54
         Mephitic Cloud    |       |       |    13 |    45 |    57 |    20 ||   135
         Iskenderun's Myst |       |       |     1 |    10 |    33 |    24 ||    68
         Stone Arrow       |       |       |       |   104 |   619 |   661 ||  1384
         Flame Wave        |       |       |       |    18 |    47 |    26 ||    91
         Arcjolt           |       |       |       |       |       |     4 ||     4
         Irradiate         |       |       |       |       |       |     9 ||     9
         Fireball          |       |       |       |       |       |    42 ||    42
  Evoke: Wand              |       |       |       |    10 |     4 |     7 ||    21
         Box of beasts     |       |       |       |     1 |       |     1 ||     2
    Use: Potion            |       |     1 |     2 |     1 |       |     1 ||     5
         Scroll            |       |       |       |     7 |    17 |     7 ||    31
   Stab: Paralysed         |       |       |       |     5 |       |       ||     5
         Confused          |       |       |       |     1 |     3 |     3 ||     7
 Armour: Skin              |     8 |    11 |    42 |   109 |   169 |   254 ||   593
  Dodge: Dodged            |    13 |    12 |    67 |   187 |   287 |   481 ||  1047
  Block: Buckler           |     1 |     4 |    16 |    81 |   252 |   230 ||   584
         Reflection        |       |       |       |       |    22 |    89 ||   111
         Kite shield       |       |       |       |       |       |   218 ||   218

Table legend: (Time is in decaauts)
 A = Elapsed time spent in this place.
 B = Non-inter-level travel time spent in this place.
 C = Inter-level travel time spent in this place.
 D = Time resting spent in this place.
 E = Time spent auto-exploring this place.
 F = Levels seen in this place.
 G = Mean time per level.
                   A        B        C        D        E       F      G
               +--------+--------+--------+--------+--------+-----+--------+
         Total |  52107 |  48888 |   3219 |   3727 |  37242 |  27 | 1929.9 |
       Dungeon |  26619 |  24790 |   1829 |   2460 |  18544 |  15 | 1774.6 |
          Lair |   9713 |   9204 |    509 |    669 |   7083 |   5 | 1942.6 |
     Snake Pit |   9327 |   8769 |    558 |     20 |   7210 |   4 | 2331.8 |
  Orcish Mines |   5788 |   5466 |    322 |    486 |   4042 |   2 | 2894.0 |
        Bailey |    657 |    657 |      0 |     92 |    363 |   1 |  657.0 |
               +--------+--------+--------+--------+--------+-----+--------+

Top non-repeatable levels by time:
   Orc:1: 3972 daAuts
 Snake:2: 3541 daAuts
    D:14: 3121 daAuts
 Snake:3: 3065 daAuts
  Lair:3: 2874 daAuts
    D:10: 2775 daAuts
 Snake:1: 2461 daAuts
    D:12: 2288 daAuts
  Lair:2: 2145 daAuts
    D:13: 1971 daAuts
    D:11: 1958 daAuts
     D:6: 1865 daAuts
  Lair:5: 1860 daAuts
   Orc:2: 1816 daAuts
    D:15: 1792 daAuts
